 Dungeon Crawl Stone Soup version 0.24-a0-487-g57318f2ed0 (webtiles) character file.

Game seed: 9715680314242706508

396 LemonEater the Digger (level 6, 0/48 HPs)
             Began as a Gargoyle Earth Elementalist on July 11, 2019.
             Slain by a hippogriff (3 damage)
             ... on level 4 of the Dungeon.
             The game lasted 00:07:13 (3343 turns).

LemonEater the Digger (Gargoyle Earth Elementalist) Turns: 3343, Time: 00:07:13

Health: 0/48       AC:  7    Str: 17    XL:     6   Next: 83%
Magic:  11/11      EV: 12    Int: 17    God:
Gold:   202        SH:  0    Dex: 10    Spells: 3/12 levels left

rFire    . . .     SeeInvis .   j - +6 mace
rCold    . . .     Gourm    .   (no shield)
rNeg     + . .     Faith    .   c - +0 robe
rPois    ∞         Spirit   .   (no helmet)
rElec    +         Reflect  .   k - +0 cloak
rCorr    .         Harm     .   (no gloves)
MR       .....                  (no boots)
Stlth    ..........             (no amulet)
HPRegen  0.16/turn              n - ring of stealth
MPRegen  0.12/turn              (no ring)

@: mighty, berserking, very quick
A: negative energy resistance 1, electricity resistance, unbreathing,
petrification resistance, rot immunity, AC +4
a: no special abilities


You were on level 4 of the Dungeon.
You were not hungry.

You visited 1 branch of the dungeon, and saw 4 of its levels.

You collected 202 gold pieces.

Inventory:

Hand Weapons
 f - a +0 short sword
 j - a +6 mace (weapon)
Missiles
 b - 101 stones (quivered)
Armour
 c - a +0 robe (worn)
 k - a +0 cloak (worn)
Jewellery
 n - a ring of stealth (left hand)
Scrolls
 a - a scroll of magic mapping
 g - 2 scrolls of teleportation
 h - 2 scrolls of blinking
 i - 2 scrolls of remove curse
 p - 2 scrolls of fog
Potions
 e - a potion of resistance
 m - a potion of might
 r - a potion of brilliance {unknown}
Comestibles
 d - 7 rations


   Skills:
 + Level 2.4 Short Blades
 - Level 1.5 Dodging
 - Level 2.1 Stealth
 + Level 3.8 Spellcasting
 + Level 3.0 Conjurations
   Level 0.7 Transmutations
 + Level 5.7 Earth Magic


You had 3 spell levels left.
You knew the following spells:

 Your Spells              Type           Power        Failure   Level  Hunger
a - Sandblast             Erth           ###...       1%          1    None
b - Stone Arrow           Conj/Erth      ###...       8%          3    ###....
c - Lee's Rapid Deconstr  Erth           ###.......   38%         5    ######.

Your spell library contained the following spells:

 Spells                   Type           Power        Failure   Level  Hunger
 Passwall                 Tmut/Erth      ##......     6%          2    ##.....
 Petrify                  Tmut/Erth      ##......     38%         4    ####...


Dungeon Overview and Level Annotations

Branches:
Dungeon (4/15)
 Temple: D:4-7

Altars:
Dithmenos
Gozag
Ru

Shops:
D:4 %}:

Annotations:
D:4 Blork the orc


Innate Abilities, Weirdness & Mutations

You are resistant to torment.
Your stone body is resilient. (AC +4)
You are immune to poison.
You resist negative energy. (rN+)
You are resistant to electric shocks. (rElec)
You can survive without breathing.
You are immune to petrification.
You are immune to rotting.


Message History

The hippogriff bites you.
* * * LOW HITPOINT WARNING * * *
The hippogriff pecks you but does no damage.
The hippogriff claws you.
* * * LOW HITPOINT WARNING * * *
It was a potion of berserk rage.
A red film seems to cover your vision as you go berserk!
You feel yourself moving faster!
You feel mighty!
The hippogriff bites you but does no damage.
The hippogriff pecks you.
* * * LOW HITPOINT WARNING * * *
The hippogriff closely misses you.
Blork the orc points at you and mumbles some strange words.
The puff of flame misses you.
You barely miss the hippogriff.
The hippogriff is heavily wounded.
The hippogriff closely misses you.
The hippogriff pecks you but does no damage.
The hippogriff claws you.
You die...

..........................
..........................
........÷.................
..........................
#####.....................
# #.....................
#.....................
##....................
#..........@H........
#...........o........
##...................
####........)..........
####......................
..........................
..........................
...........##...........?.
.............#..........


You could see a hippogriff and Blork the orc.

Vanquished Creatures
  Sigmund (D:2)
  An orc priest (D:4)
  2 orc wizards (D:4)
  A worker ant (D:4)
  3 gnolls (D:3)
  4 adders
  3 worms
  A dart slug (D:1)
  A leopard gecko (D:1)
  4 orcs
  2 ball pythons
  4 giant cockroaches
  4 goblins
  2 hobgoblins (D:1)
  7 jackals
  3 kobolds
  5 quokkas (D:3)
  5 bats
  A frilled lizard (D:1)
  4 rats
58 creatures vanquished.

Notes
Turn   | Place    | Note
-------+----------+-------------------------------------------
     0 | D:1      | LemonEater the Gargoyle Earth Elementalist began the quest
                  | for the Orb.
     0 | D:1      | Reached XP level 1. HP: 10/10 MP: 3/3
   240 | D:1      | Reached skill level 4 in Earth Magic
   240 | D:1      | Reached XP level 2. HP: 15/15 MP: 5/5
  1007 | D:2      | Reached XP level 3. HP: 19/19 MP: 2/6
  1012 | D:2      | Learned a level 3 spell: Stone Arrow
  1053 | D:2      | Noticed Sigmund
  1070 | D:2      | Killed Sigmund
  1070 | D:2      | Reached skill level 1 in Short Blades
  1070 | D:2      | Reached skill level 5 in Earth Magic
  1070 | D:2      | Reached XP level 4. HP: 24/24 MP: 1/9
  1070 | D:2      | Reached XP level 5. HP: 28/28 MP: 1/10
  1077 | D:2      | Learned a level 5 spell: Lee's Rapid Deconstruction
  1517 | D:2      | Found a sacrificial altar of Ru.
  1679 | D:2      | Found an opulent altar of Gozag.
  2161 | D:3      | Reached XP level 6. HP: 32/32 MP: 11/11
  2776 | D:4      | Got a crude mace
  2787 | D:4      | Identified the cursed +1 mace "Feampaf" {antimagic, -Tele
                  | rC+++ Str-2 Int+2} (You found it on level 4 of the Dungeon)
  2954 | D:4      | Found a shadowy altar of Dithmenos.
  3020 | D:4      | Found Etou's Gadget Boutique.
  3102 | D:4      | Found Cimoc's Food Emporium.
  3237 | D:4      | Found Amuane's Book Shoppe.
  3328 | D:4      | Noticed a hippogriff
  3332 | D:4      | Noticed Blork the orc
  3339 | D:4      | HP: 1/32 [hippogriff (3)]
  3343 | D:4      | Slain by a hippogriff

Levels and vault maps discovered:
D:1:      ncdulo_halloftheorcs, layout_basic
D:2:      layout_basic, overflow_temple_1_default,
          nicolae_gozag_cash_rules_everything_around_me, uniq_sigmund
D:3:      layout_basic, minmay_bisected
D:4:      layout_layer_cave, kennysheep_mini, serial_shops, nicolae_shop_stone,
          nicolae_shop_temple_entry_statues_fountains, nicolae_shop_crystal,
          nicolae_shop_temple_entry_statues_fountains, uniq_blork_the_orc

Skill      XL: |  1  2  3  4  5  6 |
---------------+-------------------+-----
Earth Magic    | 4 5 |  5.7
Short Blades   | 1 2 |  2.4
Spellcasting   | 3 |  3.8
Conjurations   | 2 3 |  3.0
Dodging        | |  1.5
Stealth        | |  2.1
Transmutations | |  0.7

Action                   |  1- 3 |  4- 6 || total
-------------------------+-------+-------++-------
Melee: Short sword       |     3 |       ||     3
       Mace              |    22 |    99 ||   121
 Cast: Sandblast         |    16 |    14 ||    30
       Stone Arrow       |     1 |       ||     1
  Use: Scroll            |     6 |     7 ||    13
       Potion            |       |     6 ||     6
 Stab: Sleeping          |     2 |     4 ||     6
  Eat: Chunk             |       |     8 ||     8
Armor: Robe              |    10 |    55 ||    65
Dodge: Dodged            |    24 |    90 ||   114

Table legend:
 A = Non-vault XP
 B = Vault XP
 C = Vault XP percentage of total XP
 D = Non-vault monster count
 E = Vault monster count
 F = Vault count percentage of total count
                 A         B        C        D         E       F
            +---------+---------+-------+---------+---------+-------
      Total |     332 |     235 |  41.4 |      55 |       3 |   5.2
            +---------+---------+-------+---------+---------+-------
        D:1 |      29 |       0 |   0.0 |      14 |       0 |   0.0
        D:2 |      37 |     231 |  86.2 |       6 |       1 |  14.3
        D:3 |      97 |       4 |   4.0 |      25 |       2 |   7.4
        D:4 |     169 |       0 |   0.0 |      10 |       0 |   0.0
            +---------+---------+-------+---------+---------+-------
